AoeStats
← Chris

MegaRandom

506575640Analyzed
4v4 RM · 19d ago on Sep 14, 2026· 61m 32s· 8 players
Game mode
Random Map
Map size
Large (8 player)
Population
200
Speed
Normal
Resources
Standard
Victory
Conquest
Starting age
Dark Age
Ending age
Imperial Age
RankedLock teamsTeams togetherTeam positionsShared explorationLock speedFull tech treeHidden civsTurbo modeCheats
Victory
Defeat
🇺🇸 Berbers · United States
1378
+11
🇮🇳 Japanese · India
1362
+11
🇮🇳 Jurchens · India
1360
+11
🇺🇸 Bohemians · United States
1298
+14
🇦🇷 Sicilians · Argentina
1321
-14
🇨🇴 Tatars · Colombia
1294
-13
🇨🇴 Aztecs · Colombia
1281
-13
🇨🇴 Celts · Colombia
1123
-7
Chris
11:32 Feudal Age
12:25 Horse Collar
14:09 Fletching
14:12 Loom
16:12 Padded Archer Armor
23:04 Castle Age
23:43 Crossbowman
24:49 Town Watch
25:40 Wheelbarrow
27:59 Heavy Plow
32:36 Double-Bit Axe
35:32 Hand Cart
37:33 Bow Saw
37:46 Ballistics
41:51 Imperial Age
41:17 Scale Barding Armor
41:43 Bloodlines
41:33 Husbandry
41:33 Light Cavalry
42:03 Heavy Camel Rider
43:08 Chain Barding Armor
42:12 Capped Ram
42:47 Hussar
44:26 Plate Barding Armor
45:19 Leather Archer Armor
45:15 Forging
46:08 Thumb Ring
47:47 Maghrebi Camels
48:08 Conscription
49:03 Kasbah
53:42 Treadmill Crane
54:14 Masonry
55:05 Chemistry
54:12 Siege Engineers
56:20 Iron Casting
58:16 Blast Furnace
60:42 Bodkin Arrow
MortalKombat
6:47 Loom
9:52 Feudal Age
12:01 Town Watch
12:43 Double-Bit Axe
14:08 Fletching
15:48 Horse Collar
16:31 Padded Archer Armor
25:25 Gold Mining
28:04 Castle Age
29:12 Wheelbarrow
28:08 Crossbowman
28:51 Bodkin Arrow
29:06 Thumb Ring
30:48 Gold Shaft Mining
31:48 Ballistics
31:47 Stone Mining
34:13 Leather Archer Armor
35:43 Town Patrol
43:16 Imperial Age
43:23 Arbalester
44:41 Bracer
46:54 Heavy Cavalry Archer
48:43 Ring Archer Armor
49:20 Chemistry
48:02 Treadmill Crane
48:40 Bloodlines
48:31 Husbandry
51:09 Conscription
53:00 Ring Archer Armor
55:56 Husbandry
HellScr3aM
10:01 Feudal Age
10:45 Double-Bit Axe
11:53 Horse Collar
14:37 Forging
17:16 Scale Barding Armor
19:55 Bloodlines
24:33 Loom
25:32 Gold Mining
29:20 Castle Age
28:47 Stone Mining
30:22 Chain Barding Armor
30:38 Iron Casting
30:10 Husbandry
31:30 Town Watch
32:20 Wheelbarrow
34:52 Bow Saw
38:40 Hand Cart
42:07 Imperial Age
43:03 Gold Shaft Mining
43:20 Heavy Plow
44:04 Plate Barding Armor
46:06 Blast Furnace
47:39 Elite Steppe Lancer
49:49 Stone Shaft Mining
50:43 Squires
50:04 Pikeman
53:53 Conscription
53:50 Thunderclap Bombs
53:23 Elite Fire Lancer
54:18 Arson
55:18 Fletching
55:13 Light Cavalry
56:03 Bodkin Arrow
58:04 Hussar
62:48 Chemistry
61:54 Siege Engineers
Im a Smurf
5:12 Loom
9:56 Feudal Age
11:05 Double-Bit Axe
17:15 Horse Collar
22:18 Castle Age
21:31 Scale Barding Armor
22:54 Forging
23:49 Chain Barding Armor
24:17 Wheelbarrow
30:54 Iron Casting
31:49 Fletching
38:32 Imperial Age
39:51 Husbandry
41:20 Blast Furnace
43:11 Chemistry
42:28 Masonry
42:46 Scale Mail Armor
42:42 Bodkin Arrow
43:04 Pikeman
46:40 Squires
46:25 Arson
47:03 Chain Mail Armor
47:12 Hand Cart
47:32 Halberdier
49:01 Bow Saw
49:57 Elite Hussite Wagon
52:33 Bracer
52:34 Padded Archer Armor
53:04 Plate Mail Armor
52:58 Ballistics
52:58 Bombard Tower
53:08 Architecture
52:36 Murder Holes
52:21 Treadmill Crane
54:06 Wagenburg Tactics
55:30 Two-Man Saw
55:11 Leather Archer Armor
54:44 Arrowslits
57:28 Caravan
58:58 Houfnice
Almesax
7:15 Loom
9:58 Feudal Age
10:31 Double-Bit Axe
14:15 Fletching
19:09 Padded Archer Armor
19:55 Gold Mining
20:44 Horse Collar
24:54 Castle Age
25:30 Bodkin Arrow
25:01 Crossbowman
26:30 Leather Archer Armor
26:28 Bow Saw
26:18 Heavy Plow
27:22 Gold Shaft Mining
28:07 Ballistics
28:55 Wheelbarrow
37:04 Imperial Age
42:46 Squires
43:36 Scale Mail Armor
43:24 Eagle Warrior
44:28 Arson
45:05 Forging
46:59 Chain Mail Armor
54:19 Hand Cart
56:34 Town Watch
61:47 Crop Rotation
61:32 Bracer
Nomad
6:31 Loom
10:01 Feudal Age
10:51 Double-Bit Axe
19:34 Horse Collar
20:14 Scale Barding Armor
21:31 Forging
21:58 Bloodlines
24:44 Castle Age
24:56 Fletching
25:51 Chain Barding Armor
25:57 Husbandry
25:30 Light Cavalry
35:35 Iron Casting
36:07 Heavy Plow
43:40 Imperial Age
42:00 Wheelbarrow
41:58 Gold Mining
41:59 Stone Mining
43:50 Cavalier
45:06 Plate Barding Armor
45:41 Hand Cart
50:19 Blast Furnace
51:51 Conscription
58:29 Hussar
Brokker
8:08 Loom
10:25 Feudal Age
21:02 Wheelbarrow
24:46 Castle Age
23:31 Double-Bit Axe
23:29 Horse Collar
26:28 Forging
27:22 Scale Barding Armor
29:00 Bow Saw
28:52 Heavy Plow
29:09 Scale Barding Armor
28:53 Man-at-Arms
34:02 Iron Casting
33:44 Pikeman
34:18 Gambesons
34:20 Arson
35:54 Chain Barding Armor
38:35 Scale Mail Armor
41:49 Gold Mining
42:26 Hand Cart
49:07 Imperial Age
49:11 Halberdier
49:17 Halberdier
51:49 Blast Furnace
51:20 Onager
Pepe "Ratatata" Cuenca
6:39 Loom
9:08 Feudal Age
9:58 Double-Bit Axe
14:11 Fletching
14:11 Horse Collar
15:43 Padded Archer Armor
24:28 Castle Age
24:31 Gold Mining
24:31 Stone Mining
25:03 Bodkin Arrow
24:46 Crossbowman
28:55 Ballistics
30:06 Wheelbarrow
29:54 Leather Archer Armor
36:52 Imperial Age
36:22 Bow Saw
36:58 Scale Barding Armor
37:04 Forging
37:33 Bracer
37:07 Arbalester
39:06 Bloodlines
38:58 Husbandry
41:55 Chemistry
45:21 Hauberk
46:03 Chain Barding Armor
45:54 Forging
46:01 Cavalier
47:55 Plate Barding Armor
48:55 Iron Casting
50:44 Conscription
53:56 Light Cavalry
60:58 Blast Furnace
Connection lost

Rejoining the realm…

Still unreachable

The connection could not be restored.

Session expired

The server has moved on; the page needs a fresh start.